 Dungeon Crawl Stone Soup version 0.20.1-1-g8b1a95d (webtiles) character file.

12 aemxdp the Sneak (level 2, -2/13 HPs)
             Began as a Vine Stalker Enchanter on Oct 16, 2017.
             Slain by a gnoll
             ... wielding a +0 spear
              (6 damage)
             ... on level 1 of the Dungeon.
             The game lasted 00:06:03 (663 turns).

aemxdp the Sneak (Vine Stalker Enchanter)            Turns: 663, Time: 00:06:03

Health: -2/13      AC:  2    Str: 10    XL:     2   Next: 33%
Magic:  0/6        EV: 12    Int: 15    God:
Gold:   12         SH:  0    Dex: 14    Spells: 4/5 levels left

rFire    . . .     SeeInvis .   a - +1 dagger
rCold    . . .     Gourm    .   (no shield)
rNeg     . . .     Faith    .   b - +0 robe
rPois    .         Spirit   +   (no helmet)
rElec    .         Reflect  .   (no cloak)
rCorr    .         Harm     .   (no gloves)
MR       .....                  (no boots)
Stlth    +++.......             (no amulet)
Regen    0.1/turn               (no ring)
MPRegen  0.1/turn               (no ring)

@: no status effects
A: fangs 2, magic shield, antimagic bite, no potion heal 3, rot immunity
a: no special abilities


You were on level 1 of the Dungeon.
You were not hungry.

You visited 1 branch of the dungeon, and saw 1 of its levels.

You collected 12 gold pieces.

Inventory:

Hand Weapons
 a - a +1 dagger (weapon)
Missiles
 h - 13 sling bullets
Armour
 b - a +0 robe (worn)
Books
 c - a book of Maledictions

   Spells                             Type                      Level
   a - Corona                         Hexes                        1
   b - Ensorcelled Hibernation        Hexes/Ice                    2
   c - Confuse                        Hexes                        3
   d - Tukima's Dance                 Hexes                        3
   e - Dazzling Spray                 Conjuration/Hexes            3
Comestibles
 d - a bread ration
 g - a royal jelly


   Skills:
 + Level 1.0 Short Blades
 + Level 1.6 Dodging
 + Level 3.9 Stealth
 + Level 2.3 Spellcasting
 + Level 3.2 Hexes


You had 4 spell levels left.
You knew the following spells:

 Your Spells              Type           Power        Failure   Level  Hunger
a - Corona                Hex            ##.....      5%          1    #......


Dungeon Overview and Level Annotations

Branches:
Dungeon (1/15)

Altars:


Innate Abilities, Weirdness & Mutations

You have extremely sharp teeth.
When hurt, damage is shared between your health and your magic reserves.
Your bite disrupts and absorbs the magic of your enemies.
Potions cannot restore your health.
You are immune to rotting.


Message History

The gnoll stops glowing.
There is an open door here.
There is an open door here.
There is an open door here.
The gnoll hits you from afar with a spear.
* * * LOW HITPOINT WARNING * * *
There is an open door here.
The hobgoblin shouts!
There is an open door here.
As you read the scroll labeled KIEFIA KACYD, it crumbles to dust.
You hear a loud clanging noise!
It was a scroll of noise.
You hear a shout!
The hobgoblin barely misses you. The gnoll hits you but does no damage.
As you read the scroll labeled YTUCSA KANA, it crumbles to dust.
It is a scroll of identify.
You don't have any unidentified items.
The hobgoblin barely misses you.
The gnoll hits you from afar with a spear!
You die...

........^..≈≈≈####≈≈≈≈≈≈≈≈≈≈.##.#
.............≈≈≈≈≈≈≈≈≈≈≈≈≈≈≈.##.#
...########.........≈≈≈≈≈≈##.##.#
...#..≈≈≈≈#.......).......'..##.#
####.≈≈≈≈≈#########.......'..##.#
...'......#8#.....#..≈≈≈≈≈##.##.#
####......#.#.....#''##≈≈≈≈≈.##.#
#####'##.##'####...#≈≈≈≈≈.##..
#........gg@.....#≈≈≈≈≈.####
#######..##########≈≈≈≈..>.. #..#
#≈≈≈≈≈≈#######
##..#######≈≈≈.########
######...#..................
.......#.#..................
.......#.#.#...#############
.......#..>...............#
######.###.#.#.##########.##


You could see a gnoll and a hobgoblin.

Vanquished Creatures
  A dart slug (D:1)
  A leopard gecko (D:1)
  2 hobgoblins (D:1)
  A ball python (D:1)
  A kobold (D:1)
  5 rats (D:1)
11 creatures vanquished.

Notes
Turn   | Place    | Note
-------+----------+-------------------------------------------
     0 | D:1      | aemxdp the Vine Stalker Enchanter began the quest for the Orb.
     0 | D:1      | Reached XP level 1. HP: 9/9 MP: 4/4
   348 | D:1      | Reached XP level 2. HP: 13/13 MP: 6/6
   355 | D:1      | Reached skill level 1 in Short Blades
   663 | D:1      | Slain by a gnoll

Skill      XL: |  1  2 |
---------------+-------+-----
Short Blades   | 1 |  1.0
Dodging        | |  1.6
Stealth        | |  3.9
Spellcasting   | |  2.3
Hexes          | |  3.2

Action                   || total
-------------------------++-------
Melee: Dagger            ||    32
       Bite              ||    10
 Cast: Corona            ||    14
  Use: Scroll            ||     3
Armor: Robe              ||     5
Dodge: Dodged            ||    22
